AoeStats
← Sin_Teclado

Arabia

510659478Analyzed
1v1 RM · 17h ago on Oct 2, 2026· 37m 41s· 2 players
Game mode
Random Map
Map size
Tiny (2 player)
Population
200
Speed
Normal
Resources
Standard
Victory
Conquest
Starting age
Dark Age
Ending age
Imperial Age
RankedLock teamsTeams togetherTeam positionsShared explorationLock speedFull tech treeHidden civsTurbo modeCheats
Victory
Defeat
🇨🇴 Berbers · Colombia
1617
+17
🇲🇽 Spanish · Mexico
1632
-17
yhoneyder.delrio
6:17 Loom
9:04 Feudal Age
9:41 Double-Bit Axe
9:48 Horse Collar
20:27 Castle Age
18:55 Gold Mining
19:50 Bloodlines
20:35 Fletching
21:16 Bodkin Arrow
22:12 Husbandry
23:34 Padded Archer Armor
29:02 Ballistics
36:27 Leather Archer Armor
37:08 Wheelbarrow
36:18 Town Watch
Sin_Teclado
0:43 Loom
10:34 Feudal Age
14:25 Castle Age
16:35 Padded Archer Armor
20:20 Leather Archer Armor
21:39 Bloodlines
29:18 Husbandry
Connection lost

Rejoining the realm…

Still unreachable

The connection could not be restored.

Session expired

The server has moved on; the page needs a fresh start.